 Dungeon Crawl Stone Soup version 0.29.1-14-g9c671dbff4 (webtiles) character file.

Game seed: 12291498297385723765

100 hawla the Firebug (level 5, -2/39 HPs)
             Began as a Meteoran Fire Elementalist on Feb 18, 2023.
             Slain by an orc
             ... wielding a +0 flail
              (4 damage)
             ... on level 4 of the Dungeon.
             The game lasted 00:02:38 (468 turns).

hawla the Firebug (Meteoran Fire Elementalist)       Turns: 468, Time: 00:02:39

Health: -2/39      AC:  2    Str:  9    XL:     5   Next: 25%
Magic:  4/10       EV: 13    Int: 18    God:
Gold:   46         SH:  0    Dex: 15    Spells: 3/10 levels left

rFire   . . .      SeeInvis .   (no weapon)
rCold   . . .      Faith    .   (no shield)
rNeg    . . .      Spirit   .   a - +0 robe
rPois   .          Reflect  .   (no helmet)
rElec   .          Harm     .   (no cloak)
rCorr   .          Rampage  .   (no gloves)
Will    .....                   (no boots)
Stlth   +.........              (no amulet)
HPRegen 0.13/turn               (no ring)
MPRegen 0.12/turn               (no ring)

@: glowing
A: sense surroundings 1, otherworldly, glowing, explore regen
a: no special abilities


You were on level 4 of the Dungeon.
You visited 1 branch of the dungeon, and saw 4 of its levels.

You collected 46 gold pieces.

Inventory:

Armour
 a - a +0 robe (worn)
Wands
 g - a wand of flame (23) (quivered)
Scrolls
 e - a scroll of butterflies
Potions
 c - a potion of brilliance {unknown}
 d - a potion of attraction {unknown}
 h - a potion of flight {unknown}


   Skills:
 - Level 0.5 Fighting
 - Level 2.7 Dodging
 - Level 1.4 Stealth
 - Level 3.3 Spellcasting
 + Level 1.6 Conjurations
 - Level 4.7 Fire Magic
 - Level 3.0 Evocations


You had 3 spell levels left.
You knew the following spells:

 Your Spells              Type           Power      Damage    Failure   Level
a - Foxfire               Conj/Fire      56%        2x1d6     4%          1
b - Scorch                Fire           38%        2d7       3%          2
c - Flame Wave            Conj/Fire      14%        2d6       38%         4

Your spell library contained the following spells:

 Spells                   Type           Power      Damage    Failure   Level
 Conjure Flame            Conj/Fire      14%        6-21      13%         3
 Inner Flame              Hex/Fire       11%        N/A       19%         3


Dungeon Overview and Level Annotations

Branches:
Dungeon (4/15) Zot: 1932
 Temple: D:4-7

Altars:
Fedhas
Okawaru


Innate Abilities, Weirdness & Mutations

You passively map a small area around you.
You are easily found by Zot.
You glow in the dark.
You regain HP and MP as you explore.


Message History

Confirm with . or Enter, or press ? or * to list all spells.
You conjure some foxfire!
The orc hits you with a +0 dagger. The orc hits you with a +0 whip.
The giant cockroach bites you.
Casting: Foxfire (safe; 4% risk of failure)
Confirm with . or Enter, or press ? or * to list all spells.
Flames lash the orc.
You kill the orc!
The giant cockroach is no longer more vulnerable to fire.
The foxfire hits the giant cockroach.
The giant cockroach is severely wounded.
The foxfire hits the giant cockroach but does no damage.
The giant cockroach is severely wounded.
The giant cockroach misses you. The orc closely misses you.
The orc hits you with a +0 flail. The orc barely misses you.
Casting: Scorch (safe; 3% risk of failure)
Confirm with . or Enter, or press ? or * to list all spells.
You conjure some foxfire!
The giant cockroach bites you. The orc barely misses you.
The foxfire hits the orc but does no damage.
The orc hits you with a +0 whip. The orc misses you.
The giant cockroach bites you. The orc attacks as you move away!
The orc barely misses you.
The foxfire hits the orc.
The orc is lightly wounded.
The kobold hits you with a +0 dagger. The giant cockroach barely misses you.
The orc attacks as you move away! The orc hits you with a +0 dagger.
The kobold attacks as you move away! The kobold closely misses you.
The orc attacks as you move away! The orc hits you with a +0 whip.
The orc attacks as you move away! The orc hits you with a +0 dagger.
* * * LOW HITPOINT WARNING * * *
Found an escape hatch in the floor.
The giant cockroach waves its antennae.
The orc attacks as you move away! The orc barely misses you.
The kobold misses you. The orc hits you with a +0 flail.
* * * LOW HITPOINT WARNING * * *
The kobold attacks as you move away! The kobold misses you.
The orc attacks as you move away! The orc hits you with a +0 dagger.
* * * LOW HITPOINT WARNING * * *
The orc attacks as you move away! The orc hits you with a +0 flail.
You die...

* ,, , * * * **, *
######## , , ,... ,
#......# , , #...***
#......+ , * ,
#...######!.o...# * *
*
#...........o..##>.#.
#..........oK@.......
, ,
#...^......Bo.#######
..............# *
...........##.# * *
#.....)....##.# , ,
#.............+ , ,
#........)....# ,
.#.............#### *
* ...########........
, ,


You could see 4 orcs, a giant cockroach and a kobold.

Vanquished Creatures
  A necrophage (D:4)
  An adder (D:2)
  An ufetubus (D:4)
  3 orcs (D:4)
  3 ball pythons
  4 endoplasms
  A goblin (D:4)
  3 hobgoblins
  A frilled lizard (D:2)
  A kobold (D:3)
19 creatures vanquished.

Vanquished Creatures (others)
  51 foxfires
51 creatures vanquished.

Grand Total: 70 creatures vanquished

Notes
Turn   | Place    | Note
-------+----------+-------------------------------------------
     0 | D:1      | hawla the Meteoran Fire Elementalist began the quest for
                  | the Orb.
     0 | D:1      | Reached XP level 1. HP: 14/14 MP: 5/5
     3 | D:1      | Found a faded altar of an unknown god.
    11 | D:2      | Found a blossoming altar of Fedhas.
   140 | D:2      | Reached skill level 4 in Fire Magic
   140 | D:2      | Reached XP level 2. HP: 17/20 MP: 2/7
   143 | D:2      | Learned a level 2 spell: Scorch
   268 | D:3      | Found an iron altar of Okawaru.
   272 | D:3      | Reached XP level 3. HP: 24/27 MP: 4/8
   401 | D:4      | Reached skill level 1 in Evocations
   417 | D:4      | Noticed a necrophage
   439 | D:4      | Killed a necrophage
   440 | D:4      | Reached XP level 4. HP: 9/34 MP: 3/9
   440 | D:4      | Reached XP level 5. HP: 10/39 MP: 3/10
   445 | D:4      | Learned a level 4 spell: Flame Wave
   468 | D:4      | Slain by an orc

Illustrated notes

Levels and vault maps discovered:
D:1:      spicycebolla_green_bress_n_ham, layout_basic,
          ebering_ecumenical_altar_rust
D:2:      layout_basic, basic_altar, serial_shops, nicolae_shop_crystal,
          amcnicky_mini_pool_small, uniq_robin
D:3:      layout_rooms, okawaru_ov_weapons_minmay,
          lemuel_coloured_pillars_altar, mainiacjoe_overflow_alcove_1,
          kennysheep_generic_room_8
D:4:      layout_basic, lemuel_tele_altar

Skill      XL: |  1  2  3 |
---------------+----------+-----
Spellcasting   | 3 |  3.3
Fire Magic     | 4 |  4.7
Evocations     | 3 |  3.0
Fighting       | |  0.5
Dodging        | |  2.7
Stealth        | |  1.4
Conjurations   | |  1.6

Action                   |  1- 3 |  4- 6 || total
-------------------------+-------+-------++-------
Melee: Unarmed           |    15 |       ||    15
 Cast: Foxfire           |    26 |     4 ||    30
       Scorch            |     5 |     2 ||     7
  Use: Scroll            |     2 |       ||     2
       Potion            |     1 |       ||     1
Armor: Robe              |     4 |     3 ||     7
Dodge: Dodged            |    17 |    12 ||    29
